 Dungeon Crawl Stone Soup version 0.25-a0-340-ga1faa1601d (webtiles) character file.

Game seed: 8469120082450876191, levelgen mode: classic

3307 Borgoz the Basher (level 10, -5/64 HPs)
             Began as a Gargoyle Fighter on Dec 29, 2019.
             Was a Follower of Ashenzari.
             Slain by an orc warrior
             ... wielding a +0 trident
              (16 damage)
             ... in a bailey.
             The game lasted 00:12:31 (7097 turns).

Borgoz the Basher (Gargoyle Fighter)                Turns: 7097, Time: 00:12:32

Health: -5/64      AC: 19    Str: 20    XL:     10   Next: 1%
Magic:  10/10      EV: 12    Int: 10    God:    Ashenzari [*.....]
Gold:   553        SH:  9    Dex: 16    Spells: 9/9 levels left

rFire    . . .     SeeInvis .   t - +2 flail (holy)
rCold    . . .     Gourm    .   c - +0 shield
rNeg     + . .     Faith    .   b - +1 scale mail
rPois    ∞         Spirit   .   H - +0 helmet
rElec    +         Reflect  .   A - scarf {cloud immunity}
rCorr    .         Harm     .   h - +0 pair of gloves
MR       .....                  (no boots)
Stlth    +.........             i - amulet of regeneration
HPRegen  0.60/turn              (no ring)
MPRegen  0.12/turn              (no ring)

@: agile
A: negative energy resistance 1, electricity resistance, unbreathing,
petrification resistance, rot immunity, AC +7
a: Curse Item, Scrying, Renounce Religion


You were in a bailey.
You worshipped Ashenzari.
Ashenzari was aware of your devotion.
You were not hungry.

You visited 2 branches of the dungeon, and saw 9 of its levels.
You also visited: Sewer and Bailey.

You collected 553 gold pieces.

Inventory:

Hand Weapons
 t - a +2 flail of holy wrath (weapon)
 I - a cursed +2 dire flail of freezing
Armour
 b - a +1 scale mail (worn)
 c - a +0 shield (worn)
 h - a +0 pair of gloves (worn)
 A - a scarf of cloud immunity (worn)
 H - a +0 helmet (worn)
Jewellery
 i - an amulet of regeneration (around neck)
Wands
 a - a wand of random effects (26)
 l - a wand of flame (19)
 u - a wand of paralysis (11)
 G - a wand of acid (3)
Scrolls
 d - a scroll of immolation {unknown}
 j - 2 scrolls of fear
 k - 2 scrolls of teleportation
 q - 5 scrolls of remove curse
 v - 2 scrolls of fog
 w - 2 scrolls of blinking {unknown}
 x - a scroll of enchant armour
 y - a scroll of amnesia {unknown}
 z - a scroll of enchant weapon {unknown}
 B - 2 scrolls of random uselessness {unknown}
 D - 2 scrolls of magic mapping {unknown}
 E - a scroll of silence {unknown}
 J - a scroll of summoning {unknown}
Potions
 e - a potion of agility
 g - a potion of flight {unknown}
 m - 2 potions of curing
 n - 2 potions of berserk rage {unknown}
 o - a potion of ambrosia {unknown}
 p - a potion of lignification {unknown}
 r - 2 potions of brilliance
 s - a potion of magic
 C - a potion of heal wounds {unknown}
 F - a potion of degeneration {unknown}
Comestibles
 f - 17 rations
 K - 14 chunks of flesh


   Skills:
 + Level 8.2 Fighting
 * Level 9.9 Maces & Flails
 + Level 8.2 Armour
 + Level 0.6 Dodging
 + Level 3.5 Shields


You had 9 spell levels left.
You didn't know any spells.
Your spell library contained the following spells:

 Spells                   Type           Power        Failure   Level  Hunger
 Animate Skeleton         Necr           N/A          99%         1    ##.....
 Magic Dart               Conj           #...         99%         1    ##.....
 Pain                     Necr           #...         99%         1    ##.....
 Blink                    Tloc           N/A          99%         2    ###....
 Call Imp                 Summ           #.......     99%         2    ###....
 Slow                     Hex            #.......     99%         2    ###....
 Conjure Flame            Conj/Fire      #.......     100%        3    ####...
 Mephitic Cloud           Conj/Pois/Air  #.......     100%        3    ####...
 Regeneration             Chrm/Necr      #.........   100%        3    ####...
 Vampiric Draining        Necr           #.........   100%        3    ####...
 Animate Dead             Necr           N/A          100%        4    #####..


Dungeon Overview and Level Annotations

Branches:
Dungeon (8/15)             Temple (1/1) D:5           Sewer (visited)
 Bailey (1/1)
   Lair: D:8-11

Altars:
Ashenzari
Cheibriados
Dithmenos
Elyvilon
Fedhas
Gozag
Hepliaklqana
Kikubaaqudgha
Makhleb
Nemelex Xobeh
Okawaru
Qazlal
Ru
Sif Muna
Trog
Uskayaw
Vehumet
Xom
Yredelemnul
Zin
The Shining One


Innate Abilities, Weirdness & Mutations

You are resistant to torment.
Your stone body is resilient. (AC +7)
You are immune to poison.
You resist negative energy. (rN+)
You are resistant to electric shocks. (rElec)
You can survive without breathing.
You are immune to petrification.
You are immune to rotting.


Message History

You are too injured to fight recklessly!
You are too injured to fight recklessly!
You are too injured to fight recklessly!
You are too injured to fight recklessly!
You are too injured to fight recklessly!
You are too injured to fight recklessly!
You feel agile all of a sudden.
The orc warrior hits you with a +0 halberd!
* * * LOW HITPOINT WARNING * * *
You block the orc's attack. The orc warrior closely misses you.
You hit the orc.
The orc is moderately wounded.
You block the orc warrior's attack. The orc hits you but does no damage.
The orc warrior barely misses you.
You feel better. The orc misses you.
You feel better.
The orc warrior hits you with a +0 halberd!
* * * LOW HITPOINT WARNING * * *
The orc warrior hits you with a +0 trident!
You die...

############ ###
##.∩...)))..## ....
#.......))...###### ....o
#......).))..#)))o#......
#∩.....)))...'))@o'......
#............#)))o#.....o
#............###### .....
##.∩........## ....
############ ###


You could see 2 orc warriors and an orc.

Vanquished Creatures
  The ghost of Error4North the Chopper, a novice HOFi of Okawaru (D:5)
  3 ice beasts
  4 orc warriors
  A sky beast (D:6)
  3 ogres
  A centaur (D:5)
  Blork the orc (D:4)
  6 bullfrogs
  A gnoll sergeant (D:5)
  2 scorpions (D:5)
  4 wights (D:8)
  An electric eel (D:8)
  2 crimson imps
  A centaur zombie (D:5)
  A jelly (D:5)
  4 orc priests
  2 hounds
  A bullfrog skeleton (D:7)
  A centaur skeleton (D:8)
  3 orc wizards (D:6)
  An iguana (D:5)
  6 worker ants
  A hound zombie (D:5)
  A howler monkey skeleton (D:8)
  10 gnolls
  8 adders
  2 river rats (D:4)
  2 shadow imps
  8 oozes
  3 worms
  3 dart slugs
  11 leopard geckos
  39 orcs
  22 giant cockroaches
  9 goblins
  17 hobgoblins
  10 jackals
  6 kobolds
  6 quokkas
  8 ball pythons
  8 bats
  9 frilled lizards
  A leopard gecko skeleton (D:6)
  13 rats
247 creatures vanquished.

Notes
Turn   | Place    | Note
-------+----------+-------------------------------------------
     0 | D:1      | Borgoz the Gargoyle Fighter began the quest for the Orb.
     0 | D:1      | Reached XP level 1. HP: 14/14 MP: 1/1
     1 | D:1      | Found a runed translucent door.
   153 | D:1      | Reached XP level 2. HP: 7/19 MP: 2/2
   676 | D:1      | Reached XP level 3. HP: 16/23 MP: 3/3
  1036 | D:1      | Reached skill level 3 in Maces & Flails
  1388 | D:1      | Reached XP level 4. HP: 27/29 MP: 4/4
  1665 | D:2      | Reached XP level 5. HP: 33/33 MP: 5/5
  1758 | D:2      | Reached skill level 4 in Maces & Flails
  2274 | D:3      | Reached XP level 6. HP: 39/39 MP: 6/6
  2579 | D:4      | Noticed Blork the orc
  2594 | D:4      | Killed Blork the orc
  2703 | D:4      | Reached skill level 5 in Maces & Flails
  2845 | D:4      | Reached skill level 5 in Fighting
  2845 | D:4      | Reached skill level 5 in Armour
  2845 | D:4      | Reached XP level 7. HP: 16/44 MP: 7/7
  3058 | D:4      | Found a glowing drain.
  3062 | Sewer    | Entered a sewer
  3865 | D:4      | Found a stormy altar of Qazlal.
  4057 | D:5      | Entered Level 5 of the Dungeon
  4116 | D:5      | Found a staircase to the Ecumenical Temple.
  4127 | Temple   | Entered the Ecumenical Temple
  4201 | Temple   | Became a worshipper of Ashenzari the Shackled
  4232 | D:5      | Reached skill level 6 in Maces & Flails
  4261 | D:5      | Found a transporter.
  4271 | D:5      | Noticed Error4North's ghost (novice HOFi)
  4308 | D:5      | Reached XP level 8. HP: 16/51 MP: 8/8
  4623 | D:5      | Found a transporter.
  4816 | D:5      | Reached skill level 7 in Maces & Flails
  5335 | D:6      | Reached skill level 8 in Maces & Flails
  5369 | D:6      | Reached XP level 9. HP: 56/56 MP: 9/9
  6211 | D:7      | Reached * piety under Ashenzari
  6464 | D:7      | Reached skill level 9 in Maces & Flails
  6583 | D:5      | Killed Error4North's ghost
  6675 | D:8      | Found a flagged portal.
  6965 | Bailey   | Entered a bailey
  7080 | Bailey   | Reached XP level 10. HP: 56/64 MP: 10/10
  7097 | Bailey   | Slain by an orc warrior

Levels and vault maps discovered:
D:1:      dpeg_arrival_caged_fury, layout_basic, grunt_decor_arrowhead,
          minmay_vboxes
D:2:      layout_rooms, first_ration
D:3:      cheibrodos_helix_gallery, layout_rooms
D:4:      layout_cave_pods, gup_sewer_entry_spiral,
          nicolae_qazlal_eye_of_the_storm, uniq_blork_the_orc
D:5:      layout_basic, minmay_temple_entry_junction, gammafunk_ghost_arena
D:6:      layout_rooms, grunt_decor_cap
D:7:      layout_loops_corners, grunt_ogre_cave
D:8:      layout_gridville, marbit_many_paths, enter_bailey_2, fungi_pond_lemuel
Temple:   compressed_dpeg_circular_temple
Bailey:   bailey_polearm_5, bailey

Skill      XL: |  1  2  3  4  5  6  7  8  9 |
---------------+----------------------------+-----
Maces & Flails | 3 4 5 6 8 9 |  9.9
Fighting       | 4 5 6 8 |  8.2
Armour         | 4 5 6 8 |  8.2
Dodging        | |  0.6
Shields        | |  3.5

Action                   |  1- 3 |  4- 6 |  7- 9 | 10-12 || total
-------------------------+-------+-------+-------+-------++-------
Melee: Flail             |   123 |   255 |   618 |    12 ||  1008
  Use: Scroll            |     4 |     4 |     1 |       ||     9
       Potion            |       |     1 |     1 |     3 ||     5
  Eat: Chunk             |     2 |     5 |    12 |       ||    19
       Ration            |       |       |     1 |       ||     1
Armor: Scale mail        |    72 |   152 |   369 |    11 ||   604
Dodge: Dodged            |    48 |    99 |   229 |    15 ||   391
Block: Shield            |    72 |   151 |   352 |    16 ||   591

Table legend:
 A = Non-vault XP
 B = Vault XP
 C = Vault XP percentage of total XP
 D = Non-vault monster count
 E = Vault monster count
 F = Vault count percentage of total count
                 A         B        C        D         E       F
            +---------+---------+-------+---------+---------+-------
      Total |    3468 |    1257 |  26.6 |     162 |      85 |  34.4
            +---------+---------+-------+---------+---------+-------
        D:1 |      49 |      82 |  62.6 |      23 |      27 |  54.0
        D:2 |     110 |       0 |   0.0 |      27 |       0 |   0.0
        D:3 |      85 |       3 |   3.4 |      24 |       2 |   7.7
        D:4 |     248 |     137 |  35.6 |       7 |       9 |  56.2
        D:5 |     827 |     523 |  38.7 |      16 |       6 |  27.3
        D:6 |     935 |       0 |   0.0 |      32 |       0 |   0.0
        D:7 |     606 |     113 |  15.7 |      22 |       1 |   4.3
        D:8 |     608 |       0 |   0.0 |      11 |       0 |   0.0
      Sewer |       0 |     209 | 100.0 |       0 |      19 | 100.0
     Bailey |       0 |     190 | 100.0 |       0 |      21 | 100.0
            +---------+---------+-------+---------+---------+-------
